 Dungeon Crawl Stone Soup version 0.27-a0-1196-g3e9cee4cb2 (webtiles) character file.

Game seed: 5894220754405150465

13556 robertstho the Cleaver (level 12, -4/77 HPs)
             Began as a Tengu Berserker on May 27, 2021.
             Was a High Priest of Trog.
             Hit by a javelin thrown by Urug (21 damage)
             ... on level 2 of the Orcish Mines.
             The game lasted 00:15:00 (11631 turns).

robertstho the Cleaver (Tengu Berserker)           Turns: 11631, Time: 00:15:00

Health: -4/77      AC:  9    Str: 28    XL:     12   Next: 7%
Magic:  0/13       EV: 15    Int:  7    God:    Trog [*****.]
Gold:   438        SH: 11    Dex: 17    Spells: 11/11 levels left

rFire    . . .     SeeInvis +   b - +8 mithril axe "Arga" {speed, Will+}
rCold    . . .     Faith    .   q - +0 kite shield
rNeg     . . .     Spirit   +   i - +0 scale mail "Meprasir" {Rampage *Slow Str+5 Dex+3}
rPois    .         Reflect  .   (helmet restricted)
rElec    .         Harm     .   g - +0 cloak
rCorr    +         Rampage  +   (no gloves)
Will     +....                  (boots unavailable)
Stlth    +.........             x - amulet of guardian spirit
HPRegen  0.22/turn              j - ring of see invisible
MPRegen  0.13/turn              H - ring of resist corrosion

@: flying quickly and evasively, quick
A: beak, talons 3, nimble flight
a: Renounce Religion, Berserk, Trog's Hand, Brothers in Arms


You were on level 2 of the Orcish Mines.
You worshipped Trog.
Trog was extremely pleased with you.
You visited 2 branches of the dungeon, and saw 13 of its levels.

You collected 1008 gold pieces.
You spent 570 gold pieces at shops.

Inventory:

Hand Weapons
 b - the +8 mithril axe "Arga" (weapon) {speed, Will+}
   (You acquired it on level 4 of the Dungeon)

   Attacks with this weapon are significantly faster.
   It increases your willpower.
 t - a +1 hand axe of flaming
Armour
 g - a +0 cloak (worn)
 i - the +0 scale mail "Meprasir" (worn) {Rampage *Slow Str+5 Dex+3}
   (You bought it in a shop on level 5 of the Dungeon)

   It affects your strength (+5).
   It affects your dexterity (+3).
   It may slow you when you take damage.
   It bestows one free step when moving towards enemies.
 q - a +0 kite shield (worn)
 s - a +0 chain mail
Jewellery
 j - a ring of see invisible (left hand)
 x - an amulet of guardian spirit (around neck)
 H - a ring of resist corrosion (right hand)
Wands
 r - a wand of digging (15)
 w - a wand of paralysis (17)
 C - a wand of iceblast (3)
Scrolls
 a - a scroll of immolation
 c - a scroll of summoning
 d - a scroll of enchant armour
 f - 3 scrolls of magic mapping
 m - a scroll of holy word {unknown}
 u - a scroll of fear {unknown}
 y - a scroll of identify
 B - 2 scrolls of vulnerability
 D - a scroll of blinking
Potions
 e - 4 potions of heal wounds
 h - 3 potions of curing
 k - a potion of lignification
 l - 2 potions of magic
 n - 2 potions of ambrosia
 o - a potion of might {unknown}
 p - a potion of flight {unknown}
 v - 2 potions of cancellation {unknown}
 z - 2 potions of attraction
 E - 2 potions of haste
Miscellaneous
 G - a phantom mirror


   Skills:
 * Level 9.7 Fighting
 + Level 10.5(11.4) Axes
 + Level 7.4(10.0) Polearms
 * Level 8.7 Armour
 * Level 9.0 Dodging
 + Level 4.0 Stealth
 + Level 3.6 Shields


You had 11 spell levels left.
You didn't know any spells.
Your spell library was empty.

Dungeon Overview and Level Annotations

Branches:
Dungeon (11/15)            Temple (0/1) D:6            Lair (0/6) D:9
    Orc (2/2) D:9             Elf (0/3) Orc:2

Altars:
Cheibriados
Gozag
Kikubaaqudgha
Makhleb
Nemelex Xobeh
Ru

Shops:
D:5 [   D:11 ?   Orc:2 *

Annotations:
D:5 728 plate
Orc:2 Urug


Innate Abilities, Weirdness & Mutations

You have a beak for a mouth.
You have claws for feet.
Your magical nature lets you fly swiftly and evasively.


Message History

You hear a shout!
You block the orc warrior's attack.
A warg comes into view.
Your Stealth skill increases to level 4!
You slash the orc warrior! Your kick misses the orc warrior.
The orc warrior is severely wounded.
The orc warrior closely misses you.
A warg comes into view.
An orc wizard comes into view. It is wielding a +0 dagger.
An ogre comes into view. It is wielding a +0 giant club.
An orc comes into view. It is wielding a +0 club.
You barely miss the orc warrior.
The ogre shouts!
The warg howls!
The orc shouts!
You claw the orc warrior, but do no damage.
You peck the orc warrior.
The orc warrior is severely wounded.
You hit Urug but do no damage. You closely miss the orc priest.
You hear a shout!
You block the orc warrior's attack.
The orc knight roars a battlecry!
The orcs go into a battle-frenzy!
The orc wizard gestures at you while chanting.
The puff of flame hits you. The orc priest barely misses you.
Urug hits you with a +0 vampiric battleaxe!
You hear a shout! x2
You completely miss the orc warrior. Your kick misses the orc warrior.
The orc warrior is severely wounded.
You hit Urug. You hit the orc warrior. You closely miss the orc priest.
The orc warrior hits you with a +0 scimitar.
The orc priest closely misses you. The orc warrior closely misses you.
Urug hits you with a +0 vampiric battleaxe!!
* * * LOW HITPOINT WARNING * * *
You are too injured to fight recklessly!
Unknown command.
Blink to where?
Press: ? - help, Dir - move target
As you read the scroll of blinking, it crumbles to dust.
The orc knight roars a battlecry!
Urug throws a javelin.
The javelin pierces through you!!
You die...

#...............#
##..o..o.........
##....))...^......
#...#..).#........
#.....)ho)........
##..)oo...........
.8O.#h.o....).......
...h....o...))......
......#.$.>.@..#####
..o..........)##
.8......∩....##
####...##....#
.........## .#
........# .# ...#.#.
8### ....#.# .#.##


You could see an orc knight, Urug (strong), 2 wargs, 2 orc warriors, an orc
priest (strong), an orc wizard (strong) and an orc (strong).

Vanquished Creatures
  2 two-headed ogres (D:11)
  Pikel (D:4)
  A cyclops (D:8)
  An orc sorcerer (Orc:2)
  An elephant (D:9)
  2 kobold demonologists (D:10)
  3 trolls
  A hornet (D:9)
  A vampire (D:11)
  9 yaks
  5 wyverns
  A shadow (D:9)
  Eustachio (D:4)
  2 basilisks (D:9)
  Menkaure (D:7)
  A two-headed ogre zombie (D:9)
  An acid dragon (D:10)
  Edmund (D:5)
  2 water moccasins
  Duvessa (D:5)
  11 orc warriors
  2 ice beasts (D:7)
  A hornet zombie (D:5)
  A black bear (D:5)
  3 centaurs
  3 ogres
  A phantom (D:9)
  3 kobold brigands
  3 gnoll sergeants
  3 bullfrogs
  2 scorpions
  A wyvern zombie (D:7)
  Dowan (D:5)
  A troll zombie (D:9)
  A water moccasin skeleton (D:7)
  11 killer bees (D:7)
  4 wights
  A howler monkey (D:9)
  2 jellies
  2 bullfrog zombies (D:5)
  3 centaur zombies
  3 hounds
  10 orc priests
  Crazy Yiuf (D:6)
  2 centaur skeletons (D:7)
  An iguana (D:6)
  23 orc wizards
  Natasha (thrice) (D:4)
  5 ogre zombies (D:9)
  Robin (D:2)
  A howler monkey zombie (D:8)
  18 gnolls
  4 adders
  A shadow imp (D:7)
  2 white imps
  An adder skeleton (D:4)
  A worm (D:3)
  3 dart slugs
  40 orcs
  9 ball pythons
  5 bats
  8 endoplasms
  2 giant cockroaches
  13 goblins
  11 hobgoblins
  3 quokkas
  6 frilled lizards
  2 goblin skeletons (D:9)
  2 goblin zombies (D:9)
  4 hobgoblin skeletons (D:9)
  3 hobgoblin zombies (D:9)
  27 kobolds
  2 orc skeletons (D:9)
  10 orc zombies (D:9)
  5 rats
330 creatures vanquished.

Vanquished Creatures (collateral kills)
  A hydra (D:8)
  A kobold brigand (D:9)
  A centaur zombie (D:9)
  An orc priest (Orc:1)
  An ogre zombie (D:9)
  An orc (Orc:1)
  A ball python (D:4)
  A hobgoblin zombie (D:9)
  2 kobolds (D:9)
  An orc zombie (D:9)
11 creatures vanquished.

Vanquished Creatures (others)
  12 plants
12 creatures vanquished.

Grand Total: 353 creatures vanquished

Notes
Turn   | Place    | Note
-------+----------+-------------------------------------------
     0 | D:1      | robertstho the Tengu Berserker began the quest for the Orb.
     0 | D:1      | Reached XP level 1. HP: 14/14 MP: 2/2
   149 | D:1      | Reached XP level 2. HP: 18/19 MP: 3/3
   451 | D:1      | Reached XP level 3. HP: 19/23 MP: 4/4
  1018 | D:2      | Noticed Robin
  1021 | D:2      | Reached ** piety under Trog
  1027 | D:2      | Killed Robin
  1044 | D:2      | Reached XP level 4. HP: 29/29 MP: 5/5
  2205 | D:4      | Noticed Natasha
  2212 | D:4      | Killed Natasha
  2213 | D:4      | Gained mutation: Your magical nature lets you fly swiftly
                  | and evasively. [Tengu growth]
  2213 | D:4      | Reached XP level 5. HP: 13/33 MP: 6/6
  2512 | D:4      | Noticed a lemure
  2512 | D:4      | Noticed a lemure
  2512 | D:4      | Noticed Eustachio
  2512 | D:4      | Noticed a lemure
  2513 | D:4      | Noticed Pikel
  2523 | D:4      | Reached skill level 1 in Stealth
  2530 | D:4      | Killed Eustachio
  2531 | D:4      | Reached skill level 5 in Polearms
  2531 | D:4      | Reached XP level 6. HP: 38/38 MP: 7/7
  2736 | D:4      | HP: 1/57 [lemure[Pikel] (3)]
  2738 | D:4      | Killed Pikel
  2739 | D:4      | Reached XP level 7. HP: 2/44 MP: 8/8
  3326 | D:4      | Reached XP level 8. HP: 48/48 MP: 9/9
  3598 | D:4      | Noticed Natasha
  3621 | D:4      | Killed Natasha
  3621 | D:4      | Reached *** piety under Trog
  3670 | D:4      | Noticed Natasha
  3679 | D:4      | Killed Natasha
  3692 | D:5      | Entered Level 5 of the Dungeon
  3798 | D:5      | Found a sacrificial altar of Ru.
  3811 | D:5      | Reached skill level 5 in Fighting
  3858 | D:5      | Reached skill level 5 in Dodging
  3878 | D:5      | Noticed Edmund
  3888 | D:5      | Killed Edmund
  3945 | D:4      | Identified a scroll of acquirement
  3946 | D:4      | Acquired the +8 mithril axe "Arga" {speed, Will+}
  3947 | D:4      | Found the +8 mithril axe "Arga" {speed, Will+}
  4057 | D:5      | Noticed Duvessa
  4058 | D:5      | Noticed Dowan
  4063 | D:5      | Killed Duvessa
  4066 | D:5      | Killed Dowan
  4268 | D:5      | Reached skill level 5 in Armour
  4276 | D:5      | Reached skill level 1 in Axes
  4276 | D:5      | Reached skill level 1 in Shields
  4276 | D:5      | Reached XP level 9. HP: 30/55 MP: 10/10
  4647 | D:5      | Found Jechod's Antique Armour Boutique.
  4650 | D:5      | Bought a faintly humming scale mail for 234 gold pieces
  4650 | D:5      | Identified the +0 scale mail "Meprasir" {Rampage *Slow
                  | Str+5 Dex+3} (You bought it in a shop on level 5 of the
                  | Dungeon)
  4997 | D:6      | Reached skill level 2 in Axes
  5417 | D:6      | Reached skill level 3 in Axes
  5433 | D:6      | Reached **** piety under Trog
  5451 | D:6      | Found an opulent altar of Gozag.
  5523 | D:6      | Found a staircase to the Ecumenical Temple.
  5785 | D:6      | Found a runed translucent door.
  5786 | D:6      | Noticed Crazy Yiuf
  5896 | D:6      | Killed Crazy Yiuf
  5897 | D:6      | Reached skill level 4 in Axes
  6096 | D:7      | Reached skill level 5 in Axes
  6136 | D:7      | Noticed Menkaure
  6140 | D:7      | Reached XP level 10. HP: 63/63 MP: 11/11
  6146 | D:7      | Killed Menkaure
  6147 | D:7      | Reached skill level 6 in Axes
  7027 | D:8      | Noticed a cyclops
  7038 | D:8      | Killed a cyclops
  7039 | D:8      | Reached skill level 7 in Axes
  7113 | D:8      | Noticed a four-headed hydra
  7129 | D:8      | Killed a four-headed hydra
  7770 | D:8      | Found a large runed translucent door.
  7771 | D:8      | Found a large runed translucent door.
  8135 | D:8      | Found a burning altar of Makhleb.
  8147 | D:8      | Found an ancient bone altar of Kikubaaqudgha.
  8204 | D:9      | Found a staircase to the Orcish Mines.
  8207 | D:9      | Reached skill level 8 in Axes
  8210 | D:9      | Reached ***** piety under Trog
  8244 | D:9      | Reached XP level 11. HP: 32/68 MP: 12/12
  8736 | D:9      | Reached skill level 9 in Axes
  8886 | D:9      | Found a staircase to the Lair.
  9111 | D:10     | Entered Level 10 of the Dungeon
  9551 | D:10     | Found a snail-covered altar of Cheibriados.
  9552 | D:10     | Found a sparkling altar of Nemelex Xobeh.
  9858 | D:11     | Received a gift from Trog
 10019 | D:11     | Noticed a two-headed ogre
 10024 | D:11     | Killed a two-headed ogre
 10146 | D:11     | Noticed a two-headed ogre
 10151 | D:11     | Killed a two-headed ogre
 10152 | D:11     | Reached skill level 10 in Axes
 10228 | D:11     | Found Soreha's Magic Scroll Boutique.
 10234 | D:11     | Bought a scroll of immolation for 56 gold pieces
 10234 | D:11     | Bought a scroll of enchant armour for 120 gold pieces
 10234 | D:11     | Bought a scroll of identify for 32 gold pieces
 10234 | D:11     | Bought a scroll of identify for 32 gold pieces
 10234 | D:11     | Bought a scroll of identify for 32 gold pieces
 10234 | D:11     | Bought a scroll of identify for 32 gold pieces
 10234 | D:11     | Bought a scroll of identify for 32 gold pieces
 10605 | Orc:1    | Entered Level 1 of the Orcish Mines
 11562 | Orc:2    | Entered Level 2 of the Orcish Mines
 11562 | Orc:2    | Noticed an orc knight
 11570 | Orc:1    | Reached XP level 12. HP: 77/77 MP: 11/13
 11608 | Orc:2    | Found a staircase to the Elven Halls.
 11608 | Orc:2    | Found Juluseb's General Store.
 11622 | Orc:2    | Received a gift from Trog
 11622 | Orc:2    | Noticed Urug
 11631 | Orc:2    | Hit by a javelin thrown by Urug

Illustrated notes

Levels and vault maps discovered:
D:1:      saegor_arrival_miasma, layout_basic, minmay_surrounded
D:2:      layout_basic, hellmonk_ecumenical_altar_inner_sanctum,
          corexii_leaking_fountain, uniq_jessica, uniq_robin
D:3:      layout_rooms
D:4:      layout_loops_corners, serial_bayou_pond_c, uniq_natasha, uniq_pikel,
          uniq_eustachio
D:5:      layout_basic, nicolae_ru_great_annihilating_truth, serial_shops,
          kennysheep_mini, lexackson_kobold_supper, uniq_duvessa, uniq_edmund
D:6:      layout_basic, old_standard_altar, minmay_temple_entry_offerings,
          kennysheep_nub, chequers_serial_rivers_large_b,
          chequers_serial_rivers_room_a, uniq_crazy_yiuf_cottage
D:7:      layout_cave_pools, minmay_a_box_with_orc_wizards_in_it, uniq_menkaure
D:8:      layout_basic, jmf_multi_god_temple2, lemuel_another_geyser
D:9:      layout_big_octagon, david_lair_generic, zombieorc2_lemuel,
          hangedman_glass_teeth, kennysheep_small_circle
D:10:     layout_small_grid, minitemple
D:11:     layout_small_grid, serial_shops, kennysheep_little_box
Orc:1:    layout_caves, guppyfry_library_mini
Orc:2:    grunt_orc_cross, layout_caves,
          portal_ice_cave_entry_animals_and_master, gammafunk_ghost_stat_death,
          serial_shops, shop, nicolae_orc_lava_tube

Skill      XL: |  1  2  3  4  5  6  7  8  9 10 11 12 |
---------------+-------------------------------------+-----
Polearms       | 4 5 6 7 |  7.4
Dodging        | 3 4 5 6 7 8 9 |  9.0
Fighting       | 4 5 7 8 9 |  9.7
Armour         | 3 4 5 6 7 8 |  8.7
Stealth        | 1 2 3 4 |  4.0
Axes           | 1 5 8 10 | 10.5
Shields        | 1 2 3 |  3.6

Action                   |  1- 3 |  4- 6 |  7- 9 | 10-12 || total
-------------------------+-------+-------+-------+-------++-------
Melee: Spear             |    74 |   104 |    70 |       ||   248
       Kick              |    19 |    25 |    58 |    89 ||   191
       Peck              |     7 |    12 |    32 |    67 ||   118
       Broad axe         |       |       |   118 |   285 ||   403
Invok: Berserk           |     1 |     3 |     7 |     5 ||    16
       Brothers in Arms  |       |       |       |     3 ||     3
       Trog's Hand       |       |       |       |     1 ||     1
  Use: Scroll            |       |     3 |     2 |    12 ||    17
 Stab: Sleeping          |     2 |     1 |     1 |       ||     4
       Paralysed         |       |       |     2 |       ||     2
Armor: Animal skin       |     6 |     7 |     5 |       ||    18
       Chain mail        |       |       |    10 |       ||    10
       Scale mail        |       |       |    25 |    39 ||    64
Dodge: Dodged            |    18 |    34 |    71 |   119 ||   242
Block: Kite shield       |       |       |    78 |   109 ||   187

Table legend: (Time is in decaauts)
 A = Elapsed time spent in this place.
 B = Non-inter-level travel time spent in this place.
 C = Inter-level travel time spent in this place.
 D = Time resting spent in this place.
 E = Time spent auto-exploring this place.
 F = Levels seen in this place.
 G = Mean time per level.
                   A        B        C        D        E       F      G
               +--------+--------+--------+--------+--------+-----+--------+
         Total |  11232 |  10684 |    548 |    938 |   8283 |  13 |  864.0 |
       Dungeon |  10258 |   9749 |    509 |    914 |   7538 |  11 |  932.5 |
  Orcish Mines |    973 |    935 |     38 |     24 |    745 |   2 |  486.5 |
               +--------+--------+--------+--------+--------+-----+--------+

Top non-repeatable levels by time:
     D:4: 1466 daAuts
     D:8: 1299 daAuts
     D:6: 1195 daAuts
     D:5: 1175 daAuts
     D:3: 1061 daAuts
   Orc:1: 947 daAuts
     D:9: 917 daAuts
    D:11: 766 daAuts
     D:1: 748 daAuts
    D:10: 607 daAuts
     D:7: 593 daAuts
     D:2: 426 daAuts
   Orc:2: 26 daAuts
